[ AOE2 MATCH · #479010703 ]
Team RMWu vs Chinese
[ REPLAY ANALYSIS · EXTRACTED FROM THE RECORDED GAME ]
Feudal
10:36
Castle
16:34
Imperial
—
| APM avg | 29.2 |
| APM peak | 60 |
| eAPM avg | 13.7 |
| Villagers / military | 46 / 3 |
Focus
⚔️ 4.9% · 🌾 95.1%
Monk ×3
Feudal
12:07
Castle
21:46
Imperial
—
| APM avg | 10.3 |
| APM peak | 21 |
| eAPM avg | 8.4 |
| Villagers / military | 40 / 3 |
Focus
⚔️ 5.1% · 🌾 94.9%
Scout Cavalry ×2 · Knight ×1
Feudal
10:45
Castle
17:59
Imperial
—
| APM avg | 15.2 |
| APM peak | 45 |
| eAPM avg | 10.8 |
| Villagers / military | 55 / 18 |
Focus
⚔️ 14.8% · 🌾 85.2%
Skirmisher ×18
Feudal
11:54
Castle
20:58
Imperial
—
| APM avg | 18.7 |
| APM peak | 31 |
| eAPM avg | 12.6 |
| Villagers / military | 53 / 10 |
Focus
⚔️ 13.8% · 🌾 86.2%
Archer ×10
Feudal
—
Castle
—
Imperial
—
| APM avg | 63.7 |
| APM peak | 274 |
| eAPM avg | 53.1 |
| Villagers / military | 39 / 0 |
Focus
⚔️ 0.2% · 🌾 99.8%
Feudal
13:17
Castle
19:17
Imperial
—
| APM avg | 18.3 |
| APM peak | 48 |
| eAPM avg | 9.7 |
| Villagers / military | 63 / 1 |
Focus
⚔️ 6.1% · 🌾 93.9%
Monk ×1
Match map
Initial resources + every placement click. Lines = walls · curves = elevation contours. ◆ gold · ⬟ stone · ● berries · ✦ relic · ◌ wall gap
Your base· ✓ Closed at 16:34 · 0t walls · no gate
favrizio92's base· ✓ Closed at 21:46 · 0t walls · no gate
CharliSter's base· ✓ Closed at 17:59 · 0t walls · no gate
TO's base· ✓ Closed at 20:58 · 23t walls · 1 gate(s)
duck-ouk's base· ✓ Closed at 12:00 · 14t walls · no gate
Nertellus's base· ✓ Closed at 19:17 · 0t walls · no gate
Smoothed initial terrain · ◌ = detected wall gap · hover for details
Inputs per minute
— 1111 - - favrizio92
Build order — 1111
92 actions detected in the replay
| 0:06 | Build | House |
| 0:06 | Build | House |
| 0:14 | Research | Loom |
| 0:15 | Create | Villager (Male) |
| 0:15 | Create | Villager (Male) |
| 0:15 | Create | Villager (Male) |
| 0:16 | Create | Villager (Male) |
| 0:16 | Create | Villager (Male) |
| 1:46 | Create | Villager (Male) |
| 1:46 | Create | Villager (Male) |
| 2:51 | Create | Villager (Male) |
| 2:51 | Create | Villager (Male) |
| 2:59 | Build | Lumber Camp |
| 3:36 | Create | Villager (Male) |
| 3:36 | Create | Villager (Male) |
| 3:58 | Create | Villager (Male) |
| 3:58 | Create | Villager (Male) |
| 3:58 | Create | Villager (Male) |
| 4:11 | Create | Villager (Male) |
| 4:16 | Build | House |
| 4:40 | Create | Villager (Male) |
| 5:48 | Create | Villager (Male) |
| 5:48 | Create | Villager (Male) |
| 6:21 | Build | Mill |
| 7:05 | Create | Villager (Male) |
| 7:08 | Create | Villager (Male) |
| 7:08 | Create | Villager (Male) |
| 7:15 | Build | Farm |
| 8:19 | Build | House |
| 8:26 | Research | Feudal Age |
| 8:49 | Build | Farm |
| 10:23 | Build | Farm |
| 10:33 | Build | Farm |
| 10:35 | Create | Villager (Male) |
| 10:35 | Create | Villager (Male) |
| 10:36 | Age | Feudal Age |
| 10:53 | Build | Market |
| 11:06 | Build | Mining Camp |
| 11:20 | Create | Villager (Male) |
| 11:21 | Create | Villager (Male) |
| 12:23 | Build | Farm |
| 12:27 | Create | Villager (Male) |
| 12:27 | Create | Villager (Male) |
| 12:31 | Build | Farm |
| 12:45 | Build | Blacksmith |
| 13:01 | Build | House |
| 13:44 | Build | Farm |
| 13:54 | Research | Castle Age |
| 13:54 | Research | Castle Age |
| 14:20 | Build | Mining Camp |
| 15:42 | Research | Double-Bit Axe |
| 15:49 | Create | Villager (Male) |
| 15:49 | Create | Villager (Male) |
| 16:34 | Age | Castle Age |
| 16:50 | Build | Town Center |
| 17:07 | Build | Monastery |
| 17:09 | Research | Horse Collar |
| 17:17 | Research | Bow Saw |
| 17:24 | Create | Villager (Male) |
| 17:24 | Create | Villager (Male) |
| 17:25 | Create | Villager (Male) |
| 17:54 | Create | Monk |
| 17:54 | Create | Monk |
| 18:09 | Build | House |
| 18:27 | Create | Villager (Male) |
| 18:27 | Create | Villager (Male) |
| 18:28 | Create | Villager (Male) |
| 18:28 | Create | Villager (Male) |
| 19:08 | Create | Villager (Male) |
| 19:08 | Create | Villager (Male) |
| 19:09 | Create | Villager (Male) |
| 19:15 | Build | Farm |
| 19:18 | Build | Farm |
| 19:31 | Create | Monk |
| 19:39 | Build | Farm |
| 19:48 | Research | Stone Mining |
| 20:01 | Create | Villager (Male) |
| 20:43 | Create | Villager (Male) |
| 20:44 | Create | Villager (Male) |
| 20:48 | Build | House |
| 20:49 | Build | House |
| 20:50 | Build | House |
| 20:59 | Build | Farm |
| 21:03 | Build | Farm |
| 21:34 | Create | Villager (Male) |
| 21:34 | Create | Villager (Male) |
| 21:34 | Create | Villager (Male) |
| 21:35 | Create | Villager (Male) |
| 21:38 | Build | Farm |
| 21:40 | Build | Farm |
| 21:59 | Build | Castle |
| 22:38 | Build | Siege Workshop |
Build order — favrizio92
92 actions detected in the replay
| 1:00 | Create | Villager (Male) |
| 1:00 | Create | Villager (Male) |
| 1:02 | Build | House |
| 1:05 | Build | House |
| 1:10 | Create | Villager (Male) |
| 1:10 | Create | Villager (Male) |
| 1:10 | Create | Villager (Male) |
| 2:38 | Create | Villager (Male) |
| 3:10 | Create | Villager (Male) |
| 3:27 | Create | Villager (Male) |
| 4:06 | Create | Villager (Male) |
| 4:07 | Create | Villager (Male) |
| 4:27 | Build | House |
| 5:08 | Create | Villager (Male) |
| 5:25 | Create | Villager (Male) |
| 5:55 | Create | Villager (Male) |
| 5:56 | Create | Villager (Male) |
| 6:07 | Create | Villager (Male) |
| 6:51 | Create | Villager (Male) |
| 6:57 | Build | Mill |
| 7:03 | Build | House |
| 7:09 | Create | Villager (Male) |
| 7:40 | Build | Lumber Camp |
| 8:05 | Research | Loom |
| 8:31 | Create | Villager (Male) |
| 8:55 | Create | Villager (Male) |
| 9:32 | Create | Villager (Male) |
| 9:47 | Research | Feudal Age |
| 10:03 | Build | House |
| 10:04 | Build | House |
| 10:50 | Build | House |
| 12:07 | Age | Feudal Age |
| 12:16 | Create | Villager (Male) |
| 12:27 | Research | Double-Bit Axe |
| 12:30 | Research | Horse Collar |
| 12:48 | Create | Villager (Male) |
| 12:53 | Create | Villager (Male) |
| 13:18 | Create | Villager (Male) |
| 13:40 | Create | Villager (Male) |
| 13:44 | Build | Barracks |
| 14:03 | Create | Villager (Male) |
| 14:32 | Create | Villager (Male) |
| 14:48 | Build | Market |
| 14:55 | Build | Blacksmith |
| 15:05 | Build | Stable |
| 15:11 | Create | Villager (Male) |
| 15:46 | Create | Villager (Male) |
| 15:52 | Build | Mining Camp |
| 15:54 | Create | Villager (Male) |
| 16:18 | Create | Villager (Male) |
| 16:20 | Build | House |
| 16:21 | Build | House |
| 16:23 | Build | House |
| 16:24 | Build | House |
| 16:37 | Build | Farm |
| 16:38 | Build | Farm |
| 16:41 | Build | Farm |
| 16:42 | Build | Farm |
| 16:44 | Create | Villager (Male) |
| 16:51 | Create | Scout Cavalry |
| 17:13 | Create | Villager (Male) |
| 17:29 | Create | Scout Cavalry |
| 17:37 | Create | Villager (Male) |
| 17:58 | Build | Mining Camp |
| 18:06 | Create | Villager (Male) |
| 18:23 | Create | Villager (Male) |
| 18:52 | Research | Castle Age |
| 19:24 | Research | Gold Mining |
| 19:25 | Research | Stone Mining |
| 19:30 | Research | Stone Mining |
| 20:13 | Build | Stable |
| 20:19 | Research | Scale Barding Armor |
| 20:49 | Create | Villager (Male) |
| 20:51 | Build | Farm |
| 20:53 | Build | Farm |
| 20:56 | Build | Farm |
| 20:57 | Build | Farm |
| 21:01 | Build | Farm |
| 21:02 | Build | Farm |
| 21:03 | Build | Farm |
| 21:06 | Build | Farm |
| 21:10 | Build | Farm |
| 21:14 | Create | Villager (Male) |
| 21:46 | Age | Castle Age |
| 21:51 | Create | Villager (Male) |
| 22:14 | Research | Heavy Plow |
| 22:22 | Create | Villager (Male) |
| 22:28 | Build | Farm |
| 22:29 | Build | Farm |
| 22:35 | Build | Farm |
| 22:37 | Build | Farm |
| 22:46 | Create | Knight |
Build order — CharliSter
132 actions detected in the replay
| 0:01 | Create | Villager (Male) |
| 0:01 | Create | Villager (Male) |
| 0:01 | Create | Villager (Male) |
| 0:03 | Build | House |
| 0:04 | Build | House |
| 0:39 | Create | Villager (Male) |
| 0:39 | Create | Villager (Male) |
| 1:34 | Create | Villager (Male) |
| 1:43 | Build | Lumber Camp |
| 2:12 | Create | Villager (Male) |
| 2:28 | Create | Villager (Male) |
| 2:51 | Create | Villager (Male) |
| 2:52 | Create | Villager (Male) |
| 3:28 | Create | Villager (Male) |
| 3:28 | Create | Villager (Male) |
| 3:37 | Build | Mill |
| 3:44 | Create | Villager (Male) |
| 3:57 | Create | Villager (Male) |
| 3:58 | Create | Villager (Male) |
| 4:20 | Build | House |
| 4:21 | Build | House |
| 4:37 | Research | Loom |
| 4:37 | Create | Villager (Male) |
| 5:05 | Create | Villager (Male) |
| 5:06 | Create | Villager (Male) |
| 5:06 | Create | Villager (Male) |
| 5:40 | Create | Villager (Male) |
| 6:18 | Create | Villager (Male) |
| 6:19 | Create | Villager (Male) |
| 6:21 | Create | Villager (Male) |
| 7:22 | Create | Villager (Male) |
| 7:24 | Create | Villager (Male) |
| 8:35 | Research | Feudal Age |
| 9:14 | Build | House |
| 9:17 | Build | Barracks |
| 9:39 | Build | Mining Camp |
| 10:00 | Create | Villager (Male) |
| 10:45 | Age | Feudal Age |
| 10:47 | Research | Double-Bit Axe |
| 10:50 | Research | Horse Collar |
| 10:51 | Create | Villager (Male) |
| 10:59 | Build | Farm |
| 11:10 | Build | Market |
| 11:19 | Build | Blacksmith |
| 11:28 | Build | Farm |
| 11:29 | Build | Farm |
| 11:32 | Build | Farm |
| 11:34 | Build | Farm |
| 11:37 | Build | Farm |
| 11:40 | Create | Villager (Male) |
| 11:45 | Build | Farm |
| 11:49 | Create | Villager (Male) |
| 11:58 | Build | Farm |
| 12:20 | Create | Villager (Male) |
| 12:22 | Build | Farm |
| 12:30 | Build | Farm |
| 12:37 | Create | Villager (Male) |
| 12:50 | Create | Villager (Male) |
| 12:57 | Build | Farm |
| 13:00 | Build | Farm |
| 13:25 | Build | Farm |
| 13:28 | Build | Farm |
| 13:43 | Create | Villager (Male) |
| 13:52 | Build | House |
| 13:53 | Build | House |
| 14:02 | Research | Wheelbarrow |
| 14:32 | Build | House |
| 14:38 | Create | Villager (Male) |
| 14:53 | Build | Farm |
| 14:59 | Build | Farm |
| 15:19 | Research | Castle Age |
| 16:58 | Build | Archery Range |
| 17:03 | Build | Archery Range |
| 17:09 | Create | Villager (Male) |
| 17:18 | Research | Fletching |
| 17:21 | Research | Padded Archer Armor |
| 17:41 | Research | Gold Mining |
| 17:59 | Create | Skirmisher |
| 17:59 | Create | Skirmisher |
| 17:59 | Age | Castle Age |
| 18:15 | Build | Town Center |
| 18:23 | Create | Villager (Male) |
| 18:59 | Research | Hand Cart |
| 19:18 | Create | Villager (Male) |
| 19:23 | Research | Elite Skirmisher (upgrade) |
| 19:28 | Create | Skirmisher |
| 19:28 | Create | Skirmisher |
| 19:28 | Create | Skirmisher |
| 19:30 | Create | Skirmisher |
| 19:43 | Create | Villager (Male) |
| 19:43 | Create | Villager (Male) |
| 19:44 | Create | Villager (Male) |
| 19:50 | Research | Bow Saw |
| 20:03 | Research | Squires |
| 20:04 | Create | Skirmisher |
| 20:04 | Create | Skirmisher |
| 20:05 | Create | Skirmisher |
| 20:08 | Create | Villager (Male) |
| 20:08 | Create | Villager (Male) |
| 20:08 | Create | Villager (Male) |
| 20:13 | Build | Farm |
| 20:28 | Build | Lumber Camp |
| 20:36 | Create | Skirmisher |
| 20:36 | Create | Skirmisher |
| 20:39 | Create | Villager (Male) |
| 20:40 | Create | Villager (Male) |
| 21:07 | Build | House |
| 21:08 | Build | House |
| 21:17 | Build | House |
| 21:19 | Build | House |
| 21:20 | Build | House |
| 21:21 | Build | House |
| 21:22 | Build | House |
| 21:24 | Create | Villager (Male) |
| 21:25 | Create | Villager (Male) |
| 21:25 | Create | Villager (Male) |
| 21:31 | Create | Skirmisher |
| 21:32 | Create | Skirmisher |
| 21:32 | Create | Skirmisher |
| 22:13 | Create | Skirmisher |
| 22:13 | Create | Skirmisher |
| 22:16 | Create | Villager (Male) |
| 22:17 | Create | Villager (Male) |
| 22:26 | Build | Town Center |
| 22:40 | Create | Villager (Male) |
| 22:41 | Create | Villager (Male) |
| 22:41 | Create | Villager (Male) |
| 22:47 | Create | Skirmisher |
| 22:48 | Create | Skirmisher |
| 22:50 | Research | Bodkin Arrow |
| 23:19 | Create | Villager (Male) |
| 23:19 | Create | Villager (Male) |
Build order — TO
126 actions detected in the replay
| 0:04 | Build | House |
| 0:11 | Build | House |
| 0:19 | Research | Loom |
| 0:19 | Research | Loom |
| 0:51 | Create | Villager (Male) |
| 0:51 | Create | Villager (Male) |
| 1:19 | Build | Mill |
| 1:23 | Create | Villager (Male) |
| 1:23 | Create | Villager (Male) |
| 1:45 | Create | Villager (Male) |
| 1:46 | Create | Villager (Male) |
| 2:14 | Create | Villager (Male) |
| 2:14 | Create | Villager (Male) |
| 2:38 | Create | Villager (Male) |
| 2:39 | Create | Villager (Male) |
| 3:03 | Create | Villager (Male) |
| 3:03 | Create | Villager (Male) |
| 3:29 | Create | Villager (Male) |
| 3:29 | Create | Villager (Male) |
| 3:46 | Create | Villager (Male) |
| 3:46 | Create | Villager (Male) |
| 3:54 | Create | Villager (Male) |
| 3:54 | Create | Villager (Male) |
| 4:24 | Create | Villager (Male) |
| 4:24 | Create | Villager (Male) |
| 4:24 | Create | Villager (Male) |
| 4:47 | Create | Villager (Male) |
| 4:47 | Create | Villager (Male) |
| 5:30 | Create | Villager (Male) |
| 5:30 | Create | Villager (Male) |
| 5:30 | Create | Villager (Male) |
| 5:30 | Create | Villager (Male) |
| 5:53 | Create | Villager (Male) |
| 5:54 | Create | Villager (Male) |
| 6:11 | Build | Lumber Camp |
| 6:13 | Create | Villager (Male) |
| 6:13 | Create | Villager (Male) |
| 6:14 | Create | Villager (Male) |
| 6:40 | Build | House |
| 7:21 | Build | Farm |
| 7:22 | Create | Villager (Male) |
| 7:23 | Create | Villager (Male) |
| 7:23 | Create | Villager (Male) |
| 8:06 | Build | Mining Camp |
| 8:29 | Build | House |
| 8:34 | Create | Villager (Male) |
| 8:58 | Build | Farm |
| 9:22 | Build | House |
| 9:40 | Research | Feudal Age |
| 9:46 | Build | Farm |
| 10:16 | Create | Villager (Male) |
| 10:16 | Create | Villager (Male) |
| 10:45 | Build | Lumber Camp |
| 10:53 | Build | Farm |
| 11:03 | Build | Farm |
| 11:04 | Build | Farm |
| 11:53 | Build | Barracks |
| 11:54 | Age | Feudal Age |
| 12:23 | Research | Double-Bit Axe |
| 12:26 | Research | Horse Collar |
| 12:29 | Create | Villager (Male) |
| 12:47 | Build | Stone Wall |
| 12:50 | Build | Gate |
| 12:54 | Build | Stone Wall |
| 12:56 | Create | Villager (Male) |
| 13:08 | Build | Farm |
| 13:09 | Build | Farm |
| 13:15 | Build | Archery Range |
| 13:20 | Create | Villager (Male) |
| 13:38 | Build | Farm |
| 14:06 | Build | Archery Range |
| 14:07 | Create | Archer |
| 14:08 | Create | Archer |
| 14:09 | Create | Villager (Male) |
| 14:09 | Create | Villager (Male) |
| 14:18 | Build | Farm |
| 14:20 | Create | Villager (Male) |
| 14:21 | Create | Villager (Male) |
| 14:44 | Create | Villager (Male) |
| 14:44 | Create | Villager (Male) |
| 14:57 | Build | Farm |
| 15:03 | Build | Farm |
| 15:10 | Create | Archer |
| 15:11 | Create | Archer |
| 15:11 | Create | Archer |
| 15:24 | Build | House |
| 15:25 | Build | House |
| 15:26 | Build | House |
| 15:31 | Create | Villager (Male) |
| 15:40 | Build | Mining Camp |
| 15:51 | Create | Archer |
| 15:51 | Create | Archer |
| 16:02 | Build | House |
| 16:03 | Build | House |
| 16:19 | Create | Archer |
| 16:19 | Create | Archer |
| 16:26 | Build | Blacksmith |
| 16:33 | Build | House |
| 16:35 | Build | House |
| 16:46 | Create | Archer |
| 17:08 | Create | Villager (Male) |
| 17:21 | Research | Fletching |
| 17:21 | Research | Padded Archer Armor |
| 17:39 | Create | Villager (Male) |
| 17:42 | Build | Farm |
| 17:56 | Build | Gate |
| 18:11 | Create | Villager (Male) |
| 18:13 | Build | Farm |
| 18:18 | Research | Castle Age |
| 18:18 | Research | Castle Age |
| 19:36 | Build | House |
| 19:38 | Build | House |
| 19:39 | Build | House |
| 19:46 | Research | Stone Mining |
| 20:01 | Research | Padded Archer Armor |
| 20:15 | Research | Gold Mining |
| 20:22 | Research | Wheelbarrow |
| 20:23 | Research | Town Watch |
| 20:41 | Build | Outpost |
| 20:58 | Age | Castle Age |
| 20:59 | Research | Bodkin Arrow |
| 21:08 | Build | Town Center |
| 21:11 | Build | Town Center |
| 21:34 | Research | Crossbowman (upgrade) |
| 22:00 | Build | Mining Camp |
| 22:05 | Create | Villager (Male) ×2 |
Build order — duck-ouk
First 150 of 267 actions detected
| 0:07 | Create | Villager (Male) |
| 0:08 | Create | Villager (Male) |
| 0:08 | Create | Villager (Male) |
| 0:08 | Create | Villager (Male) |
| 0:09 | Create | Villager (Male) |
| 0:18 | Build | House |
| 1:31 | Create | Villager (Male) |
| 1:31 | Create | Villager (Male) |
| 1:55 | Build | House |
| 2:15 | Create | Villager (Male) |
| 3:03 | Build | Lumber Camp |
| 3:26 | Create | Villager (Male) |
| 3:27 | Create | Villager (Male) |
| 4:20 | Create | Villager (Male) |
| 4:43 | Create | Villager (Male) |
| 5:28 | Build | Mill |
| 5:50 | Build | Mill |
| 6:12 | Create | Villager (Male) |
| 6:48 | Create | Villager (Male) |
| 7:15 | Create | Villager (Male) |
| 7:21 | Build | House |
| 7:32 | Build | House |
| 7:36 | Create | Villager (Male) |
| 8:07 | Create | Villager (Male) |
| 8:42 | Research | Feudal Age |
| 9:09 | Build | Mining Camp |
| 9:53 | Create | Villager (Male) |
| 9:55 | Create | Villager (Male) |
| 9:57 | Create | Villager (Male) |
| 9:57 | Create | Villager (Male) |
| 9:58 | Create | Villager (Male) |
| 9:58 | Create | Villager (Male) |
| 11:19 | Build | Stone Wall |
| 11:26 | Create | Villager (Male) |
| 11:27 | Create | Villager (Male) |
| 11:28 | Create | Villager (Male) |
| 12:47 | Build | Gate |
| 13:06 | Create | Villager (Male) |
| 13:33 | Build | Market |
| 13:43 | Build | Blacksmith |
| 14:03 | Build | Mill |
| 15:11 | Build | House |
| 15:13 | Build | House |
| 15:17 | Create | Villager (Male) |
| 15:18 | Build | Farm |
| 15:18 | Build | Farm |
| 15:18 | Build | Farm |
| 15:18 | Build | Farm |
| 15:18 | Build | Farm |
| 15:18 | Build | Farm |
| 15:18 | Build | Farm |
| 15:18 | Build | Farm |
| 15:18 | Build | Farm |
| 15:18 | Build | Farm |
| 15:18 | Build | Farm |
| 15:18 | Build | Farm |
| 15:18 | Build | Farm |
| 15:18 | Build | Farm |
| 15:18 | Build | Farm |
| 15:18 | Build | Farm |
| 15:18 | Build | Farm |
| 15:18 | Build | Farm |
| 15:18 | Build | Farm |
| 15:18 | Build | Farm |
| 15:18 | Build | Farm |
| 15:43 | Build | Farm |
| 15:43 | Build | Farm |
| 15:43 | Build | Farm |
| 15:43 | Build | Farm |
| 15:43 | Build | Farm |
| 15:43 | Build | Farm |
| 15:43 | Build | Farm |
| 16:28 | Build | Farm |
| 16:28 | Build | Farm |
| 16:28 | Build | Farm |
| 16:28 | Build | Farm |
| 16:28 | Build | Farm |
| 16:28 | Build | Farm |
| 16:28 | Build | Farm |
| 16:28 | Build | Farm |
| 16:28 | Build | Farm |
| 16:28 | Build | Farm |
| 16:28 | Build | Farm |
| 16:28 | Build | Farm |
| 16:28 | Build | Farm |
| 16:28 | Build | Farm |
| 16:28 | Build | Farm |
| 16:28 | Build | Farm |
| 16:28 | Build | Farm |
| 16:53 | Build | Farm |
| 16:53 | Build | Farm |
| 16:53 | Build | Farm |
| 16:53 | Build | Farm |
| 16:53 | Build | Farm |
| 16:53 | Build | Farm |
| 16:53 | Build | Farm |
| 16:53 | Build | Farm |
| 16:53 | Build | Farm |
| 16:53 | Build | Farm |
| 16:53 | Build | Farm |
| 16:53 | Build | Farm |
| 16:53 | Build | Farm |
| 16:53 | Build | Farm |
| 16:53 | Build | Farm |
| 16:53 | Build | Farm |
| 16:53 | Build | Farm |
| 17:07 | Create | Villager (Male) |
| 17:08 | Create | Villager (Male) |
| 17:10 | Create | Villager (Male) |
| 17:11 | Create | Villager (Male) |
| 17:17 | Research | Double-Bit Axe |
| 17:17 | Build | Farm |
| 17:18 | Build | Farm |
| 17:18 | Build | Farm |
| 17:18 | Build | Farm |
| 17:18 | Build | Farm |
| 17:18 | Build | Farm |
| 17:18 | Build | Farm |
| 17:18 | Build | Farm |
| 17:18 | Build | Farm |
| 17:18 | Build | Farm |
| 17:18 | Build | Farm |
| 17:18 | Build | Farm |
| 17:18 | Build | Farm |
| 17:18 | Build | Farm |
| 17:18 | Build | Farm |
| 17:32 | Build | Farm |
| 17:35 | Create | Villager (Male) |
| 17:35 | Create | Villager (Male) |
| 17:42 | Build | Farm |
| 17:42 | Build | Farm |
| 17:42 | Build | Farm |
| 17:42 | Build | Farm |
| 17:42 | Build | Farm |
| 17:42 | Build | Farm |
| 17:42 | Build | Farm |
| 17:43 | Build | Farm |
| 17:43 | Build | Farm |
| 17:43 | Build | Farm |
| 17:43 | Build | Farm |
| 17:43 | Build | Farm |
| 17:43 | Build | Farm |
| 17:43 | Build | Farm |
| 17:57 | Build | Farm |
| 18:07 | Build | Farm |
| 18:07 | Build | Farm |
| 18:07 | Build | Farm |
| 18:07 | Build | Farm |
| 18:07 | Build | Farm |
| 18:07 | Build | Farm |
Build order — Nertellus
118 actions detected in the replay
| 0:02 | Create | Villager (Male) |
| 0:02 | Create | Villager (Male) |
| 0:07 | Build | House |
| 0:12 | Build | House |
| 0:24 | Create | Villager (Male) |
| 0:55 | Create | Villager (Male) |
| 1:51 | Create | Villager (Male) |
| 2:05 | Build | Lumber Camp |
| 2:28 | Create | Villager (Male) |
| 2:45 | Create | Villager (Male) |
| 3:23 | Create | Villager (Male) |
| 4:00 | Create | Villager (Male) |
| 4:27 | Create | Villager (Male) |
| 4:40 | Build | Mill |
| 4:44 | Create | Villager (Male) |
| 4:58 | Create | Villager (Male) |
| 5:05 | Build | House |
| 5:07 | Build | House |
| 5:16 | Research | Loom |
| 5:16 | Create | Villager (Male) |
| 5:16 | Create | Villager (Male) |
| 5:45 | Create | Villager (Male) |
| 5:45 | Create | Villager (Male) |
| 6:30 | Create | Villager (Male) |
| 6:30 | Create | Villager (Male) |
| 6:59 | Create | Villager (Male) |
| 7:13 | Create | Villager (Male) |
| 7:24 | Create | Villager (Male) |
| 7:59 | Create | Villager (Male) |
| 8:12 | Create | Villager (Male) |
| 8:13 | Create | Villager (Male) |
| 8:13 | Create | Villager (Male) |
| 8:23 | Build | House |
| 8:24 | Build | House |
| 8:26 | Build | House |
| 8:33 | Create | Villager (Male) |
| 9:35 | Build | Farm |
| 9:51 | Build | Barracks |
| 10:00 | Build | Mining Camp |
| 10:41 | Research | Feudal Age |
| 10:45 | Research | Feudal Age |
| 10:47 | Create | Villager (Male) |
| 10:47 | Create | Villager (Male) |
| 11:03 | Create | Villager (Male) |
| 11:52 | Build | Farm |
| 12:02 | Build | Farm |
| 12:06 | Build | Farm |
| 12:45 | Build | Farm |
| 12:46 | Build | Farm |
| 12:46 | Build | Farm |
| 13:17 | Age | Feudal Age |
| 13:20 | Build | Blacksmith |
| 13:28 | Create | Villager (Male) |
| 13:37 | Build | Farm |
| 13:37 | Build | Farm |
| 13:52 | Build | Farm |
| 14:38 | Create | Villager (Male) |
| 14:39 | Create | Villager (Male) |
| 14:51 | Build | Market |
| 15:01 | Create | Villager (Male) |
| 15:02 | Create | Villager (Male) |
| 15:07 | Research | Double-Bit Axe |
| 15:15 | Build | Farm |
| 15:16 | Build | Farm |
| 15:26 | Build | Farm |
| 15:36 | Build | Farm |
| 15:46 | Build | Farm |
| 16:19 | Build | Mining Camp |
| 16:29 | Research | Castle Age |
| 16:35 | Create | Villager (Male) |
| 16:35 | Create | Villager (Male) |
| 17:29 | Build | House |
| 17:30 | Build | House |
| 17:31 | Build | House |
| 17:33 | Build | House |
| 17:34 | Build | House |
| 17:36 | Build | House |
| 17:38 | Build | House |
| 17:46 | Build | Lumber Camp |
| 19:17 | Age | Castle Age |
| 19:24 | Build | Town Center |
| 19:31 | Create | Villager (Male) |
| 19:41 | Build | Town Center |
| 19:47 | Create | Villager (Male) |
| 19:56 | Research | Scale Barding Armor |
| 19:58 | Research | Forging |
| 20:01 | Create | Villager (Male) |
| 20:04 | Research | Bow Saw |
| 20:06 | Research | Gold Mining |
| 20:15 | Create | Villager (Male) |
| 20:40 | Create | Villager (Male) |
| 20:41 | Create | Villager (Male) |
| 20:48 | Create | Villager (Male) |
| 20:51 | Create | Villager (Male) |
| 21:25 | Build | Monastery |
| 21:35 | Create | Villager (Male) |
| 21:36 | Create | Villager (Male) |
| 21:36 | Create | Villager (Male) |
| 21:42 | Create | Villager (Male) |
| 21:42 | Create | Villager (Male) |
| 21:43 | Create | Villager (Male) |
| 21:45 | Create | Villager (Male) |
| 21:45 | Create | Villager (Male) |
| 21:46 | Create | Villager (Male) |
| 22:04 | Create | Villager (Male) |
| 22:05 | Create | Villager (Male) |
| 22:07 | Create | Villager (Male) |
| 22:16 | Build | Lumber Camp |
| 22:30 | Create | Villager (Male) |
| 22:31 | Create | Villager (Male) |
| 22:32 | Create | Villager (Male) |
| 22:34 | Research | Sanctity |
| 22:37 | Create | Monk |
| 22:45 | Build | Stable |
| 22:54 | Create | Villager (Male) |
| 22:54 | Create | Villager (Male) |
| 22:56 | Create | Villager (Male) |
| 23:06 | Create | Villager (Male) |
Match timeline
| 9:17 | CharliSter · first_building Barracks |
| 9:51 | Nertellus · first_building Barracks |
| 10:36 | 1111 · age_up feudal |
| 10:45 | CharliSter · age_up feudal |
| 11:19 | duck-ouk · wall_segment Stone Wall x14 |
| 11:53 | TO · first_building Barracks |
| 11:54 | TO · age_up feudal |
| 12:07 | favrizio92 · age_up feudal |
| 12:47 | TO · wall_segment Stone Wall x4 |
| 12:54 | TO · wall_segment Stone Wall x23 |
| 13:15 | TO · first_building Archery Range |
| 13:17 | Nertellus · age_up feudal |
| 13:44 | favrizio92 · first_building Barracks |
| 15:05 | favrizio92 · first_building Stable |
| 15:17 | CharliSter · first_market_sell 100 wood |
| 16:34 | 1111 · age_up castle |
| 16:58 | CharliSter · first_building Archery Range |
| 17:00 | 1111 · first_market_buy 100 wood |
| 17:07 | 1111 · first_building Monastery |
| 17:59 | CharliSter · age_up castle |
| 19:17 | Nertellus · age_up castle |
| 20:58 | TO · age_up castle |
| 21:25 | Nertellus · first_building Monastery |
| 21:46 | favrizio92 · age_up castle |
| 21:59 | 1111 · first_building Castle |
| 22:38 | 1111 · first_building Siege Workshop |
| 22:45 | Nertellus · first_building Stable |
| 22:55 | 1111 · resign |
[ AI ANALYSIS · 1 CREDIT ]
What really happened in this match?
Wolo.gg analyzes every decision: build order, eco, micro, common mistakes by bracket. Personalized analysis on WhatsApp or Discord in 30 seconds.
Civ guide
Wu
Map guide
Amazon Tunnel
Perfil
Jugador #21262562